 Dungeon Crawl Stone Soup version 0.29.0-11-gd7f09526c8 (console) character file.

Game seed: 13879581017915795447

1736 odiv the Ducker (level 9, -8/58 HPs)
             Began as a Djinni Warper on Sept 4, 2022.
             Was a Follower of Makhleb.
             Mangled by an orc warrior
             ... wielding a +0 trident
              (10 damage)
             ... on level 7 of the Dungeon.
             The game lasted 00:17:36 (8947 turns).

odiv the Ducker (Djinni Warper)                     Turns: 8947, Time: 00:17:38

Health: -8/58      AC:  3    Str: 10    XL:     9   Next: 26%
Gold:   304        EV: 18    Int: 24    God:    Makhleb [*.....] SH:  0 Dex: 14

rFire   + + .      SeeInvis .   a - +0 dagger (venom)
rCold   x . .      Faith    .   (no shield)
rNeg    . . .      Spirit   .   j - +0 leather armour
rPois   ∞          Reflect  .   (no helmet)
rElec   .          Harm     .   (no cloak)
rCorr   .          Rampage  .   (no gloves)
Will    .....                   (boots unavailable)
Stlth   +.........              (no amulet)
HPRegen 0.19/turn               u - +6 ring of intelligence
MPRegen 0.00/turn               C - +4 ring of evasion

@: on berserk cooldown, flying, slowed, very slow
A: sickness immunity, fire resistance 2, cold vulnerability 1, float, innate
caster, HP casting, extra vitality 1
a: Renounce Religion


You were on level 7 of the Dungeon.
You worshipped Makhleb.
Makhleb was aware of your devotion.
You visited 2 branches of the dungeon, and saw 8 of its levels.

You collected 304 gold pieces.

Inventory:

Hand Weapons
 a - a +0 dagger of venom (weapon)
 b - a +0 sling
 f - a +0 spear
 E - a +0 falchion
Missiles
 d - 6 boomerangs of dispersal
 e - 41 stones (quivered)
 n - 6 atropa-tipped darts
 A - 14 poisoned darts
Armour
 j - a +0 leather armour (worn)
Jewellery
 u - a +6 ring of intelligence (left hand)
 C - a +4 ring of evasion (right hand)
Wands
 H - a wand of flame (7)
Scrolls
 c - 4 scrolls of blinking
 m - 6 scrolls of teleportation
 p - 2 scrolls of fear {unknown}
 s - 2 scrolls of enchant armour
 v - 2 scrolls of noise {unknown}
 w - a scroll of enchant weapon {unknown}
 x - a scroll of poison
 y - 2 scrolls of fog
 B - 2 scrolls of silence {unknown}
 F - a scroll of vulnerability
Potions
 g - 2 potions of magic
 h - 2 potions of curing {unknown}
 i - 4 potions of lignification
 k - a potion of berserk rage
 l - a potion of resistance
 o - a potion of haste {unknown}
 q - a potion of degeneration {unknown}
 t - a potion of flight
 z - 2 potions of ambrosia
 D - a potion of might {unknown}
 G - a potion of attraction {unknown}


   Skills:
 - Level 2.0 Fighting
 - Level 1.7 Long Blades
 - Level 0.7 Throwing
 - Level 1.0 Armour
 + Level 7.7 Dodging
 + Level 7.4 Spellcasting


You couldn't memorise any spells.
You knew the following spells:

 Your Spells              Type           Power      Damage    Failure   Level
a - Lesser Beckoning      Tloc           44%        N/A       1%          3
b - Blink                 Tloc           88%        N/A       1%          2
c - Gell's Gravitas       Tloc           44%        N/A       1%          3
d - Teleport Other        Tloc           44%        N/A       1%          3
e - Manifold Assault      Tloc           44%        N/A       12%         5
f - Slow                  Hex            100%       N/A       1%          1
g - Scorch                Fire           88%        2d9       1%          2
h - Dazzling Flash        Conj/Hex       88%        N/A       1%          3
i - Swiftness             Air            44%        N/A       1%          3
Your spell library was empty.

Dungeon Overview and Level Annotations

Branches:
Dungeon (7/15)             Temple (1/1) D:5

Altars:
Cheibriados
Elyvilon
Makhleb
Nemelex Xobeh
Okawaru
Ru
Trog
Xom
Zin
The Shining One

Shops:
D:4 :


Innate Abilities, Weirdness & Mutations

You are immune to sickness and miasma.
You are immune to poison.
Your flesh is very heat resistant. (rF++)
You are vulnerable to cold. (rC-)
You float through the air rather than walking.
You learn spells naturally, not from books.
Your magical power is your life essence.
You have superior vitality. (+4 MHP)


Message History

Items here: )) [ ÷.
You see here a +0 ring mail.
A wight is nearby!
You see here a +0 dagger.
Things that are here:
a +0 dagger; a +0 leather armour; an orc skeleton
There is a stone staircase leading down here.
There is a stone staircase leading down here.
You fly downwards.
Reactivating autopickup.
There is a stone staircase leading up here.
The orc wizard points at you and mumbles some strange words.
You are confused.
The orc warrior misses you.
You bump into the rock wall.
The orc warrior hits you from afar with a +0 trident!
It was a potion of berserk rage.
A red film seems to cover your vision as you go berserk!
You feel yourself moving faster!
You feel mighty!
The orc wizard gestures at you while chanting.
The magic dart hits you!
The orc warrior hits you from afar with a +0 trident!
* * * LOW HITPOINT WARNING * * *
You feel a strong urge to attack something.
The orc warrior misses you.
You feel your anger nearly subside. The orc wizard misses you.
The orc warrior hits you with a +0 trident!
* * * LOW HITPOINT WARNING * * *
You are no longer berserk.
You are exhausted.
You feel yourself slow down.
It was a potion of flight.
You feel more buoyant.
You feel less confused.
An orc comes into view. It is wielding a +0 whip.
The orc warrior misses you.
The orc wizard hits you with a +0 dagger.
* * * LOW HITPOINT WARNING * * *
The orc warrior hits you with a +0 trident!
You die...

#.##..............##.
#.##.#.#.####..##.##.
#.##.#.#.............
#........############
###....#.#
#....#)########
###....#[)......#
#<..............#
#...@...........#
#.[.oo..o.......# ##
###)...##.).....# #.
#....##....)..# #.
#....##)...)).# #.
#.#####.##.##)# #.
#.##...)...##.####.
#........###.......
#........###..#####


You could see an orc warrior, an orc wizard and an orc.

Vanquished Creatures
  Grinder (D:4)
  Prince Ribbit (D:7)
  An orc warrior (D:6)
  An ogre (D:5)
  2 kobold brigands (D:7)
  A necrophage (D:5)
  3 scorpions (D:5)
  A howler monkey (D:4)
  A jelly (D:7)
  3 orc priests
  A gnoll bouda (D:7)
  2 iguanas
  Natasha (thrice) (D:4)
  5 orc wizards
  9 adders
  12 gnolls
  2 white imps (D:5)
  2 ufetubi
  A worm (D:3)
  2 dart slugs
  23 orcs
  4 bats
  8 endoplasms
  2 giant cockroaches
  5 goblins
  4 hobgoblins
  6 jackals
  5 quokkas
  8 ball pythons
  16 kobolds
  8 rats
143 creatures vanquished.

Notes
Turn   | Place    | Note
-------+----------+-------------------------------------------
     0 | D:1      | odiv the Djinni Warper began the quest for the Orb.
     0 | D:1      | odiv set off with the following spells memorised: Blink,
                  | Lesser Beckoning, Gell's Gravitas, Teleport Other, Manifold
                  | Assault.
     0 | D:1      | Reached XP level 1. HP: 18/18 MP: 0/0
   815 | D:1      | Reached XP level 2. HP: 20/23 MP: 0/0
  1219 | D:1      | Found a faded altar of an unknown god.
  1524 | D:1      | Reached XP level 3. HP: 15/28 MP: 0/0
  1524 | D:1      | Learned a level 1 spell: Slow
  2579 | D:2      | Reached XP level 4. HP: 33/33 MP: 0/0
  3439 | D:2      | Reached XP level 5. HP: 31/38 MP: 0/0
  3439 | D:2      | Learned a level 2 spell: Scorch
  3877 | D:3      | Reached XP level 6. HP: 11/43 MP: 0/0
  4167 | D:3      | Found a sacrificial altar of Ru.
  4257 | D:3      | Reached skill level 5 in Spellcasting
  4959 | D:4      | Found Weskaxic's Book Shoppe.
  5051 | D:4      | Noticed Natasha
  5289 | D:4      | Killed Natasha
  5290 | D:4      | Reached XP level 7. HP: 39/49 MP: 0/0
  5290 | D:4      | Learned a level 3 spell: Dazzling Flash
  5345 | D:4      | Noticed Natasha
  5349 | D:4      | Killed Natasha
  5516 | D:4      | Noticed Grinder
  5527 | D:4      | Killed Grinder
  5807 | D:4      | Noticed Natasha
  5810 | D:4      | Killed Natasha
  6144 | D:5      | Entered Level 5 of the Dungeon
  6148 | D:5      | Reached XP level 8. HP: 41/54 MP: 0/0
  6311 | D:5      | Reached skill level 5 in Dodging
  6494 | D:5      | Found a staircase to the Ecumenical Temple.
  6501 | Temple   | Entered the Ecumenical Temple
  6568 | Temple   | Became a worshipper of Makhleb the Destroyer
  7966 | D:7      | Noticed Prince Ribbit
  7976 | D:7      | Killed Prince Ribbit
  8061 | D:7      | Reached XP level 9. HP: 48/58 MP: 0/0
  8061 | D:7      | Learned a level 3 spell: Swiftness
  8228 | D:7      | Reached * piety under Makhleb
  8947 | D:7      | HP: 2/58 [orc wizard/+0 dagger (3)]
  8947 | D:7      | Mangled by an orc warrior

Illustrated notes

Levels and vault maps discovered:
D:1:      grunt_arrival_lava_bath, layout_basic,
          nicolae_ecumenical_snake_handling, serial_park_tiny_2,
          minmay_surrounded
D:2:      layout_loops_ring, st_stairs_6
D:3:      layout_loops_ring, mainiacjoe_overflow_concentric_impassable,
          hangedman_decor_riveting
D:4:      layout_loops_cross, led_sif_book, serial_shops,
          nicolae_shop_temple_entry_statues_fountains, serial_park_tiny_1,
          uniq_natasha, uniq_grinder
D:5:      layout_basic, minmay_temple_entry_tees
D:6:      layout_basic
D:7:      layout_loops_cross, jmf_multi_god_temple, fiery_altar_vehumet,
          uniq_prince_ribbit1, uniq_maggie
Temple:   zaba_magenta_temple

Skill      XL: |  1  2  3  4  5  6  7  8  9 |
---------------+----------------------------+-----
Spellcasting   | 3 4 5 6 7 |  7.4
Dodging        | 3 4 6 7 |  7.7
Fighting       | |  2.0
Long Blades    | |  1.7
Throwing       | |  0.7
Armour         | |  1.0

Action                   |  1- 3 |  4- 6 |  7- 9 || total
-------------------------+-------+-------+-------++-------
Melee: Falchion          |   128 |    51 |     3 ||   182
       Punch             |     2 |       |       ||     2
       Dagger            |       |       |    20 ||    20
 Fire: Sling             |    23 |    78 |    32 ||   133
Throw: Stone             |     2 |     4 |       ||     6
       Boomerang         |     1 |       |       ||     1
 Cast: Slow              |    19 |    14 |     8 ||    41
       Scorch            |       |    43 |    93 ||   136
Evoke: Wand              |       |       |     1 ||     1
  Use: Scroll            |       |       |     9 ||     9
       Potion            |       |       |     2 ||     2
Armor: Leather armour    |    58 |    12 |     5 ||    75
Dodge: Dodged            |   115 |    54 |    51 ||   220
